 Dungeon Crawl Stone Soup version 0.25.0-26-g0c896c7088 (webtiles) character file.

Game seed: 1725076983985595769

21 EriolAelfwine the Ruffian (level 2, -1/26 HPs)
             Began as a Ghoul Monk on June 30, 2020.
             Slain by an adder (4 damage)
             ... on level 2 of the Dungeon.
             The game lasted 00:01:27 (1412 turns).

EriolAelfwine the Ruffian (Ghoul Monk)              Turns: 1412, Time: 00:01:28

Health: -1/26      AC:  2    Str: 14    XL:     2   Next: 83%
Magic:  1/1        EV: 13    Int:  5    God:
Gold:   70         SH:  0    Dex: 11    Spells: 1/1 levels left

rFire    . . .     SeeInvis .     - Unarmed
rCold    + . .     Gourm    .   (no shield)
rNeg     + + +     Faith    .   a - +0 robe
rPois    ∞         Spirit   .   (no helmet)
rElec    .         Reflect  .   (no cloak)
rCorr    .         Harm     .   (no gloves)
MR       .....                  (no boots)
Stlth    ++........             (no amulet)
HPRegen  0.00/turn              (no ring)
MPRegen  0.07/turn              (no ring)

@: rotting
A: rotting body, claws 1, carnivore, cold resistance 1, negative energy
resistance 3, inhibited regeneration, torment resistance, unbreathing
a: no special abilities


You were on level 2 of the Dungeon.
You were not hungry.

You visited 1 branch of the dungeon, and saw 2 of its levels.

You collected 70 gold pieces.

Inventory:

Missiles
 l - 13 poisoned darts (quivered)
Armour
 a - a +0 robe (worn)
Scrolls
 e - 3 scrolls of identify {unknown}
 g - a scroll of magic mapping {unknown}
 h - a scroll of remove curse {unknown}
 j - 3 scrolls of fear {unknown}
 p - a scroll of enchant armour {unknown}
 q - a scroll of teleportation {unknown}
Potions
 c - a potion of haste {unknown}
 d - 2 potions of lignification {unknown}
 f - a potion of magic {unknown}
 i - a potion of flight {unknown}
 k - a potion of mutation {unknown}
 m - a potion of curing {unknown}
 n - a potion of ambrosia {unknown}
Comestibles
 b - 2 rations


   Skills:
 + Level 3.5 Fighting
 + Level 2.9 Dodging
 - Level 2.1 Stealth
 * Level 3.9 Unarmed Combat


You had one spell level left.
You didn't know any spells.
Your spell library was empty.

Dungeon Overview and Level Annotations

Branches:
Dungeon (2/15)

Altars:


Innate Abilities, Weirdness & Mutations

Your body is rotting away.
You thrive on raw meat.
You are immune to poison.
You have sharp fingernails.
You are carnivorous and can eat meat at any time.
Your flesh is cold resistant. (rC+)
You are immune to negative energy. (rN+++)
You do not regenerate when monsters are visible.
You are immune to unholy pain and torment.
You can survive without breathing.


Message History

The adder bites you.
Eat one of 2 chunks of flesh? (ye/n/q)
You eat one of the 2 chunks of flesh.
This raw flesh tastes great!
The adder completely misses you. The adder closely misses you.
Eat a chunk of flesh? (ye/n/q)
You eat the chunk of flesh.
This raw flesh tastes great!
The hobgoblin hits you with a +0 club. The adder bites you.
You miss the adder. The hobgoblin hits you with a +0 club.
The adder bites you but does no damage.
You closely miss the adder. The adder bites you but does no damage.
The hobgoblin hits you with a +0 club.
* * * LOW HITPOINT WARNING * * *
You scratch the adder but do no damage. The adder misses you.
The hobgoblin hits you with a +0 club.
* * * LOW HITPOINT WARNING * * *
The adder closely misses you.
You closely miss the adder. The hobgoblin barely misses you.
The adder barely misses you. The adder bites you.
You die...

#.# #. #.# #.# #.#############.#
#.# #......... .....# #.#
###........# #.#.## #.#
..........# #....# #.#
###........####....#####.#######
...........##....g..............
#............@S...w.......w..?
#........##.#....####......##.
###..##.###.#.#............##.
#..##.# #.#.######.......##.
#..##.# #.#.................
######..##.###................###
........................#.#####
######......................
......#.##.#.#..........#.###


You could see an adder, a dart slug and a hobgoblin.

Vanquished Creatures
  A dart slug (D:2)
  A ball python (D:2)
  A giant cockroach (D:2)
  A goblin (D:1)
  A hobgoblin (D:1)
  3 jackals (D:1)
  2 kobolds (D:1)
  3 bats
  2 frilled lizards (D:1)
  4 rats
19 creatures vanquished.

Notes
Turn   | Place    | Note
-------+----------+-------------------------------------------
     0 | D:1      | EriolAelfwine the Ghoul Monk began the quest for the Orb.
     0 | D:1      | Reached XP level 1. HP: 19/19 MP: 0/0
   205 | D:1      | Reached XP level 2. HP: 14/26 MP: 1/1
  1412 | D:2      | Slain by an adder

Illustrated notes

Levels and vault maps discovered:
D:1:      dpeg_arrival_rhombus, layout_basic
D:2:      layout_basic

Action                   || total
-------------------------++-------
Melee: Unarmed           ||    72
 Stab: Sleeping          ||     1
  Eat: Chunk             ||     5
Armor: Robe              ||    13
Dodge: Dodged            ||    52
